 Dungeon Crawl Stone Soup version 0.17.1-3-g152610e (webtiles) character file.

384 kaze the Ducker (level 6, -1/61 HPs)
             Began as a Troll Berserker on Mar 5, 2016.
             Was a Priest of Trog.
             Slain by an ogre
             ... wielding a +0 giant spiked club
              (17 damage)
             ... on level 5 of the Dungeon.
             The game lasted 00:08:41 (2688 turns).

kaze the Ducker (Troll Berserker)                   Turns: 2688, Time: 00:08:41

Health: -1/61      AC:  5    Str: 28    XL:     6   Next: 47%
Magic:  5/5        EV:  6    Int:  3    God:    Trog [***...]
Gold:   47         SH: 13    Dex:  9    Spells: 0 memorised, 5 levels left

rFire  . . .     SeeInvis .     y - +2 war axe of the Orb {elec, rC+}
rCold  + . .     Clarity  .     a - +0 animal skin
rNeg   . . .     SustAt   .     m - +0 large shield
rPois  +         Gourm    +     (helmet restricted)
rElec  .         Spirit   .     (no cloak)
rCorr  .         Warding  .     (gloves unavailable)
rMut   .         Stasis   .     (boots unavailable)
MR     .....                    (no amulet)
Stlth  +.........               f - ring of poison resistance
                                r - ring of poison resistance

@: not resistant to hostile enchantments, very unstealthy
A: unfitting armour, claws 3, fast metabolism 3, gourmand, regeneration 2,
shaggy fur 1, tough skin 2
a: Berserk, Trog's Hand, Burn Spellbooks, Renounce Religion


You were on level 5 of the Dungeon.
You worshipped Trog.
Trog was most pleased with you.
You were completely stuffed.

You visited 1 branch of the dungeon, and saw 5 of its levels.

You collected 225 gold pieces.
You spent 178 gold pieces at shops.

Inventory:

Hand Weapons
 y - the +2 war axe of the Orb (weapon) {elec, rC+}
   (You bought it in a shop on level 4 of the Dungeon)

   Occasionally, upon striking a foe, it will discharge some electrical energy
   and cause terrible harm.
   It protects you from cold.
Armour
 a - a +0 animal skin (worn)
 m - a +0 large shield (worn)
Jewellery
 e - an uncursed ring of flight
 f - a ring of poison resistance (right claw)
 r - a ring of poison resistance (left claw)
Scrolls
 g - a scroll of remove curse
 j - a scroll of fog
 n - a scroll of teleportation
 q - 2 scrolls of random uselessness
 s - a scroll of recharging
Potions
 d - 2 potions of curing
 h - 3 potions of heal wounds
 i - a potion of degeneration {unknown}
 k - a potion of agility {unknown}
 l - a potion of mutation {unknown}
 o - a potion of magic {unknown}
 t - a potion of lignification {unknown}
 x - a potion of might {unknown}
Comestibles
 b - 4 bread rations
 c - a meat ration
 u - a beef jerky


   Skills:
 + Level 3.6 Fighting
 + Level 0.4 Axes
 + Level 4.5 Dodging
 + Level 0.5 Shields
 + Level 4.4 Unarmed Combat


You had 5 spell levels left.
You didn't know any spells.

Dungeon Overview and Level Annotations

Branches:
Dungeon (5/15)
 Temple: D:4-7

Altars:
Ashenzari
Kikubaaqudgha
Ru
Yredelemnul
The Shining One

Shops:
D:4 (


Innate Abilities, Weirdness & Mutations

You are too large for most types of armour.
You have claws for hands.
Your metabolism is lightning-fast.
You like to eat raw meat.
You heal very quickly.
You are covered in fur (AC +1).
You have very tough skin (AC +2).


Message History

No target in view!
Found a short sword.
An ogre comes into view. It is wielding a giant spiked club.
Your shield prevents you from hitting the ogre.
The ogre hits you with a giant spiked club!!
You slash the ogre!
The ogre is moderately wounded.
You block the ogre's attack.
You closely miss the ogre.
The ogre is moderately wounded.
The ogre completely misses you.
Your shield prevents you from hitting the ogre.
The ogre is moderately wounded.
You block the ogre's attack.
You slash the ogre!
The ogre is heavily wounded.
The ogre hits you with a giant spiked club!!
* * * LOW HITPOINT WARNING * * *
The ogre hits you with a giant spiked club!
You die...

############ ..
#########..........# ...
...................#....
#########..........#....
........................
#######.#..........#...
#.########..## ### #.#
#..## ..# #.# #@..# ..#
#.# #...O.[........ ..#
#.# #.....#..######
..#####.# #.....##.#
........# #.....# .#
..#####.# #.....# ). ###
#.# #.....# #.#
#######.# ####### ..
........#


You could see an ogre.

Vanquished Creatures
  An ogre (D:4)
  A scorpion (D:4)
  An iguana (D:4)
  2 orc wizards (D:3)
  6 adders
  3 oozes
  An adder zombie (D:5)
  2 worms
  2 giant geckos
  5 orcs (D:3)
  2 ball pythons
  10 bats
  5 giant cockroaches
  6 hobgoblins
  8 jackals
  11 kobolds
  4 giant newts
  7 goblins
  A quokka (D:4)
  3 rats
81 creatures vanquished.

Notes
Turn   | Place    | Note
--------------------------------------------------------------
     0 | D:1      | kaze the Troll Berserker began the quest for the Orb.
     0 | D:1      | Reached XP level 1. HP: 22/22 MP: 0/0
    68 | D:1      | Reached XP level 2. HP: 29/29 MP: 1/1
   313 | D:1      | Reached XP level 3. HP: 36/36 MP: 2/2
   563 | D:2      | Reached ** piety under Trog
   672 | D:2      | Found a faded altar to an unknown god.
   688 | D:2      | Reached XP level 4. HP: 37/45 MP: 3/3
  1208 | D:3      | Reached *** piety under Trog
  1247 | D:3      | Reached XP level 5. HP: 53/53 MP: 4/4
  1253 | D:3      | Reached skill level 4 in Unarmed Combat
  1285 | D:3      | Found an ancient bone altar of Kikubaaqudgha.
  1285 | D:3      | Found a shattered altar of Ashenzari.
  1434 | D:3      | Found a sacrificial altar of Ru.
  1469 | D:3      | Found a glowing golden altar of the Shining One.
  1813 | D:4      | Noticed an ogre
  1822 | D:4      | Killed an ogre
  1822 | D:4      | Reached XP level 6. HP: 61/61 MP: 5/5
  2244 | D:4      | Found a basalt altar of Yredelemnul.
  2422 | D:4      | Found Ophuenwi's Antique Weapon Shoppe.
  2427 | D:4      | Bought a translucent war axe for 178 gold pieces
  2427 | D:4      | Identified the cursed +2 war axe of the Orb {elec, rC+} (You bought it in a shop on level 4 of the Dungeon)
  2566 | D:5      | Entered Level 5 of the Dungeon
  2688 | D:5      | Slain by an ogre

Action                   |  1- 3 |  4- 6 || total
-------------------------+-------+-------++-------
Melee: Unarmed           |    86 |    87 ||   173
       War axe           |       |    63 ||    63
Invok: Berserk           |       |     2 ||     2
  Use: Scroll            |     2 |     8 ||    10
 Stab: Sleeping          |       |     2 ||     2
  Eat: Chunk             |    12 |    10 ||    22
       Fruit             |       |     3 ||     3
       Pizza             |       |     2 ||     2
       Meat ration       |       |     1 ||     1
